 Dungeon Crawl Stone Soup version 0.30-b1-2-g02819fbbbe (webtiles) character file.

Game seed: 1978048171116752997

11070 LLlMATKO the Fighter (level 11, -9/101 (102) HPs)
             Began as a Minotaur Berserker on June 24, 2023.
             Was an Elder of Trog.
             Collided with a stone wall (12 damage)
             ... caused by Erica
             ... on level 9 of the Dungeon.
             The game lasted 00:09:38 (10156 turns).

LLlMATKO the Fighter (Minotaur Berserker)          Turns: 10156, Time: 00:09:39

HP:   -9/101 (102)  AC: 14    Str: 27    XL:     11   Next: 44%
MP:   10/10         EV: 13    Int:  4    God:    Trog [****..]
Gold: 493           SH:  5    Dex:  9    Spells: 10/10 levels left

rFire   . . .        x - +0 war axe
rCold   . . .        D - +0 buckler
rNeg    . . .        B - +0 swamp dragon scales
rPois   +            F - +1 hat
rElec   .            (no cloak)
rCorr   .            (no gloves)
SInv    .            E - +2 pair of boots
Will    .....        (no amulet) Stlth
                     (no ring)
HPRegen 0.36/turn    (no ring)
MPRegen 0.12/turn

%: no passive effects
@: lethally poisoned (-9 -> -26), on berserk cooldown, slowed, lightly drained,
very slow
A: horns 2, retaliatory headbutt
a: Renounce Religion, Berserk, Trog's Hand, Brothers in Arms


You were on level 9 of the Dungeon.
You worshipped Trog.
Trog was greatly pleased with you.
You visited 1 branch of the dungeon, and saw 9 of its levels.

You collected 493 gold pieces.

Inventory:

Hand Weapons
 x - a +0 war axe (weapon)
Missiles
 d - 19 poisoned darts (quivered)
 l - 7 boomerangs
 p - 6 throwing nets
Armour
 B - +0 swamp dragon scales (worn)
 D - a +0 buckler (worn)
 E - a +2 pair of boots (worn)
 F - a +1 hat (worn)
Wands
 u - a wand of charming (11)
 A - a wand of flame (19)
Scrolls
 c - 7 scrolls of identify {unknown}
 i - 3 scrolls of blinking {unknown}
 k - 4 scrolls of teleportation {unknown}
 m - 2 scrolls of enchant armour {unknown}
 n - a scroll of torment {unknown}
 o - 4 scrolls of fog {unknown}
 q - a scroll of immolation {unknown}
 r - 2 scrolls of fear {unknown}
 t - a scroll of poison {unknown}
 v - 3 scrolls of magic mapping {unknown}
 w - a scroll of brand weapon {unknown}
 y - a scroll of enchant weapon {unknown}
 C - 2 scrolls of amnesia {unknown}
Potions
 a - 2 potions of mutation {unknown}
 b - 3 potions of lignification {unknown}
 e - 2 potions of brilliance
 f - a potion of might
 g - a potion of attraction {unknown}
 h - 6 potions of curing {unknown}
 j - 3 potions of heal wounds
 s - 5 potions of ambrosia {unknown}
 z - 2 potions of degeneration {unknown}
 G - a potion of haste {unknown}
 H - a potion of berserk rage {unknown}


   Skills:
 + Level 11.0 Fighting
 + Level 11.0 Axes
 + Level 10.6 Armour
 + Level 9.8 Dodging
 + Level 6.7 Shields


You had 10 spell levels left.
You didn't know any spells.
Your spell library was empty.

Dungeon Overview and Level Annotations

Branches:
Dungeon (9/15)             Temple (0/1) D:6
   Lair: D:8-11         Orc: D:9-12

Altars:
Cheibriados
Fedhas
Gozag
Nemelex Xobeh
Okawaru
Ru
Uskayaw
Wu Jian
The Shining One

Shops:
D:9 (

Annotations:
D:9 Erica


Innate Abilities, Weirdness & Mutations

You have a pair of horns on your head.
You reflexively headbutt those who attack you in melee.


Message History

A red film seems to cover your vision as you go berserk!
You feel yourself moving faster!
You feel mighty!
You hear some strange, mumbled words.
You are confused.
You're too confused to move!
You feel a strong urge to attack something.
Something hits you but does no damage. Something hits you. Something burns you.
Unknown command.
Found an escape hatch in the floor.
You feel your anger nearly subside.
You bump into the stone wall.
You are no longer berserk.
You are exhausted.
You feel as though you will be slow longer.
Something hits you! Something burns you.
You miss something. You headbutt something!
Something hits you but does no damage.
You feel less confused. Something hits you. Something burns you.
Something hits you but does no damage. Something barely misses you.
You miss something. Something hits you but does no damage. Something hits you.
Something burns you.
You miss something. Something hits you. Something burns you.
You slash something! Your headbutt misses something.
You block something's attack. Something hits you! Something burns you.
You hit something but do no damage. Something hits you. Something burns you.
You slash something! Your headbutt misses something.
You hear some strange, mumbled words.
A bolt of poison appears from out of thin air!
The bolt of poison hits you.
You are poisoned.
You resist.
You hear some strange, mumbled words.
A lance of force appears from out of thin air!
The lance of force hits you!!
* * * LOW HITPOINT WARNING * * *
You are knocked back by the lance of force.
You slam into the stone wall!
You die...

.####..#.........#....#########..
. #..#.).....###............... .
#..#)).....#.................
#..#.).....#.................
#..#.......#...######'#......
#..'.......#...#.....<#......
#..###.....#...#......#......
#..... #.....#...#......#..####
#......#..####@.{#......#..#
#....<.#..#......#......#..#
#......#..#......#...)..#.##
#......####......#.))...#.#
#................##.....#.#
###.......#.....#.#
#.......#....##.#####
#.......#....#.......
#..>....#....#.......


There were no monsters in sight!

Vanquished Creatures
  Harold (D:9)
  A centaur warrior (D:8)
  A boulder beetle (D:8)
  2 two-headed ogres (D:8)
  2 tengu warriors (D:8)
  A deep elf zephyrmancer (D:8)
  2 orc sorcerers (D:8)
  A cyclops (D:8)
  Joseph (D:8)
  The ghost of arta456 the Thaumaturge, a novice DECj of Vehumet (D:6)
  Maggie (D:6)
  A slime creature (D:8)
  A shadow (D:9)
  A wraith (D:8)
  Eustachio (D:6)
  Grum (D:9)
  A steam dragon (D:8)
  3 water moccasins
  2 ice beasts
  An orc warrior (D:9)
  A sky beast (D:6)
  2 black bears (D:7)
  3 wolves (D:9)
  6 centaurs
  An ogre (D:5)
  A kobold brigand (D:7)
  3 phantoms
  5 bullfrogs
  2 gnoll sergeants
  2 scorpions
  4 wights (D:9)
  A killer bee (D:8)
  A hound (D:5)
  4 jellies
  2 orc priests (D:4)
  A gnoll bouda (D:6)
  2 iguanas (D:5)
  10 orc wizards
  2 sleepcaps
  16 gnolls
  6 adders
  A shadow imp (D:7)
  A white imp (D:8)
  An ufetubus (D:5)
  3 worms
  3 dart slugs
  15 orcs
  6 endoplasms
  2 giant cockroaches
  11 goblins
  10 hobgoblins
  27 kobolds
  5 quokkas
  3 ball pythons
  7 bats
  3 frilled lizards
  5 rats
204 creatures vanquished.

Vanquished Creatures (others)
  64 plants (D:7)
  2 withered plants (D:6)
66 creatures vanquished.

Grand Total: 270 creatures vanquished

Notes
Turn   | Place    | Note
-------+----------+-------------------------------------------
     0 | D:1      | LLlMATKO the Minotaur Berserker began the quest for the
                  | Orb.
     0 | D:1      | Reached XP level 1. HP: 19/19 MP: 0/0
   241 | D:1      | Found a faded altar of an unknown god.
   336 | D:1      | Reached XP level 2. HP: 15/27 MP: 1/1
   695 | D:2      | Reached XP level 3. HP: 15/33 MP: 2/2
   787 | D:2      | Found an iron altar of Okawaru.
  1123 | D:2      | Reached XP level 4. HP: 22/40 MP: 3/3
  1256 | D:2      | Reached ** piety under Trog
  1568 | D:3      | Identified the +1 leather armour of Dogel {rC+}
  1579 | D:3      | Found a blossoming altar of Fedhas.
  2054 | D:4      | Reached XP level 5. HP: 44/47 MP: 4/4
  2251 | D:4      | Reached skill level 5 in Fighting
  2251 | D:4      | Reached skill level 5 in Axes
  2465 | D:4      | Reached XP level 6. HP: 33/56 MP: 5/5
  2847 | D:5      | Entered Level 5 of the Dungeon
  3141 | D:5      | Noticed a water moccasin
  3146 | D:5      | Killed a water moccasin
  3147 | D:5      | Reached skill level 5 in Armour
  3147 | D:5      | Reached XP level 7. HP: 62/62 MP: 6/6
  3688 | D:5      | Found a sparkling altar of Nemelex Xobeh.
  3692 | D:5      | Reached skill level 5 in Dodging
  4036 | D:6      | Found a staircase to the Ecumenical Temple.
  4309 | D:6      | Reached XP level 8. HP: 54/71 MP: 7/7
  4426 | D:6      | Found a runed translucent door.
  4426 | D:6      | Noticed arta456's ghost (novice DECj)
  4749 | D:6      | Noticed Maggie
  4754 | D:6      | Killed Maggie
  4890 | D:6      | Noticed Eustachio
  4903 | D:6      | Killed Eustachio
  5198 | D:6      | Killed arta456's ghost
  5199 | D:6      | Reached XP level 9. HP: 81/81 MP: 8/8
  5415 | D:7      | Found an opulent altar of Gozag.
  5595 | D:7      | Reached *** piety under Trog
  6072 | D:8      | Noticed a +0 dagger
  6072 | D:8      | Noticed a +0 short sword
  6173 | D:8      | Noticed a +0 spear
  6173 | D:8      | Noticed a +0 falchion
  6175 | D:8      | Noticed a +0 spear
  6176 | D:8      | Noticed a +0 falchion
  6176 | D:8      | Noticed a +0 dagger
  6176 | D:8      | Noticed a +0 short sword
  6182 | D:8      | Found a hide-covered altar of Uskayaw.
  6271 | D:8      | Reached skill level 1 in Shields
  6363 | D:8      | Found an ornate altar of the Wu Jian Council.
  6500 | D:8      | Noticed a two-headed ogre
  6508 | D:8      | Killed a two-headed ogre
  6682 | D:8      | Reached XP level 10. HP: 91/91 MP: 9/9
  6702 | D:8      | Reached **** piety under Trog
  6976 | D:8      | Noticed a centaur warrior
  7205 | D:8      | Killed a centaur warrior
  7222 | D:8      | Noticed a tengu warrior
  7380 | D:8      | Killed a tengu warrior
  7563 | D:8      | Noticed a tengu warrior
  7592 | D:8      | Killed a tengu warrior
  7593 | D:8      | Reached skill level 10 in Fighting
  7593 | D:8      | Reached skill level 10 in Axes
  7706 | D:8      | Noticed a cyclops
  7714 | D:8      | Killed a cyclops
  7715 | D:8      | Reached skill level 5 in Shields
  7864 | D:8      | Noticed an orc sorcerer
  7864 | D:8      | Noticed an orc sorcerer
  7866 | D:8      | Noticed a deep elf zephyrmancer
  7867 | D:8      | Noticed an orange demon
  7870 | D:8      | Killed an orc sorcerer
  7877 | D:8      | Paralysed by an orc sorcerer for 5 turns
  7883 | D:8      | Killed an orc sorcerer
  7884 | D:8      | Reached skill level 10 in Armour
  7891 | D:8      | Noticed a boulder beetle
  7893 | D:8      | Killed a deep elf zephyrmancer
  7894 | D:8      | Reached XP level 11. HP: 27/101 MP: 10/10
  8212 | D:8      | Killed a boulder beetle
  8486 | D:8      | Noticed a two-headed ogre
  8492 | D:8      | Killed a two-headed ogre
  8553 | D:8      | Noticed Joseph
  8577 | D:8      | Killed Joseph
  8814 | D:8      | Found an ornate altar of the Wu Jian Council.
  9101 | D:8      | Found a hide-covered altar of Uskayaw.
  9487 | D:9      | Noticed Grum
  9499 | D:9      | Killed Grum
  9584 | D:9      | Found Borek's Weapon Shop.
  9688 | D:9      | Noticed Harold
  9689 | D:9      | Found a glowing golden altar of the Shining One.
  9697 | D:9      | Killed Harold
  9978 | D:9      | Found a snail-covered altar of Cheibriados.
  9978 | D:9      | Found a sacrificial altar of Ru.
 10131 | D:9      | Noticed Erica
 10156 | D:9      | HP: 3/101 [something/lance of force (35)]
 10156 | D:9      | Collided with a stone wall

Illustrated notes

Levels and vault maps discovered:
D:1:      wander_arrival_fairy_ring, layout_loops_ring,
          nicolae_ecumenical_lake_church
D:2:      layout_rooms, basic_altar, minmay_divided_ellipse
D:3:      layout_rooms, mainiacjoe_overflow_24_doors
D:4:      layout_rooms
D:5:      layout_basic, mainiacjoe_overflow_tiny_flanked
D:6:      layout_cave_pods, temple_green, gammafunk_ghost_grave,
          minmay_strange_pillars, uniq_eustachio, uniq_maggie
D:7:      kennysheep_kobold_camp, layout_rooms, mainiacjoe_overflow_brackets
D:8:      minmay_the_grid_plus_closed [minmay_the_grid_aliased_spiral,
          minmay_the_grid_embedded, minmay_the_grid_tri_star,
          minmay_the_grid_minigrid_small_alt,
          minmay_the_grid_prize_inner_circle], layout_loops_ring,
          nicolae_wu_jian_wuxing_cycle, nicolae_uskayaw_en_pointe,
          chequers_garden, moated_statue, uniq_joseph
D:9:      layout_irregular_city, gammafunk_temple_overflow_forgotten,
          serial_shops, nicolae_shop_statue_plus, nicolae_shop_gaudy_bauble,
          uniq_harold, uniq_erica, uniq_grum, uniq_amaemon

Skill      XL: |  1  2  3  4  5  6  7  8  9 10 11 |
---------------+----------------------------------+-----
Fighting       | 4 5 6 7 9 10 11 | 11.0
Axes           | 4 5 6 7 9 10 11 | 11.0
Armour         | 3 4 5 6 7 8 10 | 10.6
Dodging        | 3 4 5 6 8 9 |  9.8
Shields        | 2 5 6 |  6.7

Action                     |  1- 3 |  4- 6 |  7- 9 | 10-12 || total
---------------------------+-------+-------+-------+-------++-------
  Melee: Hand axe          |    59 |    95 |       |       ||   154
         Headbutt          |     5 |    18 |    43 |    35 ||   101
         Punch             |       |     2 |     2 |       ||     4
         War axe           |       |    20 |   174 |   185 ||   379
  Throw: Dart              |       |       |       |     7 ||     7
 Invoke: Berserk           |     2 |     4 |     6 |     8 ||    20
         Trog's Hand       |       |       |     1 |       ||     1
 Armour: Animal skin       |    12 |     4 |       |       ||    16
         Chain mail        |       |    23 |    41 |       ||    64
         Swamp dragon scal |       |       |    40 |    99 ||   139
  Dodge: Dodged            |    45 |    47 |   102 |   123 ||   317
  Block: Buckler           |       |       |     6 |    42 ||    48
